 Dungeon Crawl Stone Soup version 0.20.0-10-g0535bb4 (webtiles) character file.

179 xgamer67 the Sneak (level 5, -9/24 HPs)
             Began as a Felid Monk on June 6, 2017.
             Was a Believer of Makhleb.
             Killed by nerve-wracking pain
             ... invoked by an orc priest
              (12 damage)
             ... on level 4 of the Dungeon.
             The game lasted 00:12:13 (3498 turns).

xgamer67 the Sneak (Felid Monk)                     Turns: 3498, Time: 00:12:14

Health: -9/24      AC:  1    Str:  8    XL:     5   Next: 32%
Magic:  6/6        EV: 21    Int: 11    God:    Makhleb [**....]
Gold:   158        SH:  0    Dex: 19    Spells: 4/4 levels left
                                        Lives:  0   Deaths: 1

rFire    . . .     SeeInvis +     - Unarmed
rCold    . . .     Gourm    .   (shield unavailable)
rNeg     . . .     Faith    +   (armour unavailable)
rPois    .         Spirit   .   (helmet unavailable)
rElec    .         Reflect  .   (cloak unavailable)
rCorr    .         Harm     .   (gloves unavailable)
MR       .....                  (boots unavailable)
Stlth    ++++......             i - amulet of faith
Regen    0.1/turn               m - ring of see invisible
MPRegen  0.1/turn               (no ring)

@: quick
A: no armour, no weapons or thrown items, stealth, claws 1, fangs 3, see
invisible, carnivore 3, speed 1, shaggy fur 1, slow metabolism 1, sharp paws
a: Minor Destruction, Renounce Religion


You were on level 4 of the Dungeon.
You worshipped Makhleb.
Makhleb was pleased with you.
You were completely stuffed.

You visited 2 branches of the dungeon, and saw 5 of its levels.

You collected 158 gold pieces.

Inventory:

Jewellery
 i - an amulet of faith (around neck)
 m - a ring of see invisible (left paw)
Wands
 f - a wand of flame (15/48)
 r - a wand of lightning (0/15)
Scrolls
 d - 2 scrolls of magic mapping
 h - 2 scrolls of remove curse
 k - a scroll of blinking {unknown}
 l - a scroll of amnesia {unknown}
 n - a scroll of immolation
 o - 2 scrolls of enchant armour {unknown}
 p - 2 scrolls of identify
 q - a scroll of teleportation {unknown}
Potions
 b - 3 potions of agility
 e - a potion of curing {unknown}
 g - a potion of haste {unknown}
 j - a potion of heal wounds {unknown}
Comestibles
 a - 2 meat rations
 c - a royal jelly


   Skills:
 - Level 3.0 Fighting
 + Level 4.7 Dodging
 - Level 6.0 Stealth
 + Level 5.2 Unarmed Combat


You had 4 spell levels left.
You didn't know any spells.

Dungeon Overview and Level Annotations

Branches:
Dungeon (4/15)             Temple (1/1) D:4

Altars:
Ashenzari
Cheibriados
Elyvilon
Hepliaklqana
Kikubaaqudgha
Makhleb
Nemelex Xobeh
Okawaru
Qazlal
Ru
Sif Muna
Trog
Uskayaw
Xom
Yredelemnul
Zin
The Shining One

Annotations:
D:3 Purgy
D:4 exclusion: ogre, Grinder


Innate Abilities, Weirdness & Mutations

You cannot wear armour.
You are incapable of wielding weapons or throwing items.
Your paws allow you to move quietly. (Stealth)
You have sharp claws.
You have razor-sharp teeth.
You have supernaturally acute eyesight. (SInv)
You are carnivorous and can eat meat at any time.
You cover ground quickly.
You are covered in fur. (AC +1)
You have a slow metabolism.
Your sharp claws are effective at attacking unaware monsters.


Message History

The bolt of lightning misses the orc priest.
The orc priest shouts!
Evoking this partially-identified wand wasted a few charges.
You hear a shout!
You hear an angry hiss.
You hear a shout!
You claw the orc!
You kill the orc!
Makhleb accepts your kill.
You feel better.
You scratch the orc priest but do no damage.
The orc priest invokes the aid of Beogh against you.
Beogh smites you!
Ouch! That really hurt!
* * * LOW HITPOINT WARNING * * *
The orc priest closely misses you.
Okay, then.
You closely miss the orc priest.
The orc priest calls down the wrath of Beogh upon you.
Pain shoots through your body!
Ouch! That really hurt!
You die...

#.###'###..#####........##....
##.#.....##o.............##....
#..#.#'#÷####o...[.......##....
##..')#>#.'......#..............
#..##.###.#..o...##..........
#.###.....#......##....##...#
#.# ###'###......####.. ...#
#.###.#.# ###.#### ##.#.....#
#.o@.####... .....#####
####.§§§o... ..#### ##§§§§...
..# §#§§... ..# .# .... .## ..
.%. .##### .. .. .....#######...
..% . ............... ..O


You could see 2 orc priests.

Vanquished Creatures
  A scorpion (D:3)
  An orc priest (D:4)
  2 orc wizards (D:4)
  Robin (D:3)
  3 adders
  An ooze (D:1)
  An adder skeleton (D:4)
  3 dart slugs
  5 orcs
  8 bats
  3 giant cockroaches
  12 hobgoblins
  6 jackals
  2 quokkas (D:3)
  3 ball pythons (D:1)
  2 frilled lizards
  9 goblins
  4 kobolds
  A quokka skeleton (D:4)
  6 rats
74 creatures vanquished.

Notes
Turn   | Place    | Note
-------+----------+-------------------------------------------
     0 | D:1      | xgamer67 the Felid Monk began the quest for the Orb.
     0 | D:1      | Reached XP level 1. HP: 10/10 MP: 2/2
    57 | D:1      | Reached skill level 3 in Stealth
   364 | D:1      | Reached XP level 2. HP: 14/14 MP: 3/3
  1030 | D:1      | Reached XP level 3. HP: 13/17 MP: 4/4
  1089 | D:1      | Reached skill level 4 in Stealth
  1627 | D:2      | Found a deep blue altar of Sif Muna.
  1974 | D:3      | Reached XP level 4. HP: 13/21 MP: 5/5
  2151 | D:3      | Noticed Purgy
  2410 | D:3      | Noticed Robin
  2592 | D:3      | Reached skill level 5 in Stealth
  2734 | D:3      | Reached XP level 5. HP: 18/24 MP: 6/6
  2908 | D:3      | Killed Robin
  3038 | D:4      | Found a staircase to the Ecumenical Temple.
  3039 | D:4      | Noticed Grinder
  3040 | D:4      | Paralysed by Grinder for 5 turns
  3044 | D:4      | Slain by Grinder
  3045 | D:4      | Reached XP level 4. HP: -5/21 MP: 5/5
  3064 | D:4      | Noticed an ogre
  3238 | Temple   | Entered the Ecumenical Temple
  3387 | Temple   | Became a worshipper of Makhleb the Destroyer
  3387 | Temple   | Reached * piety under Makhleb
  3387 | Temple   | Reached ** piety under Makhleb
  3476 | D:4      | Reached skill level 6 in Stealth
  3476 | D:4      | Reached skill level 5 in Unarmed Combat
  3494 | D:4      | Reached XP level 5. HP: 15/24 MP: 6/6
  3498 | D:4      | Killed from afar by an orc priest

Skill      XL: |  1  2  3  4 |
---------------+-------------+-----
Stealth        | 3 4 6 |  6.0
Unarmed Combat | 4 5 |  5.2
Fighting       | |  3.0
Dodging        | |  4.7

Action                   |  1- 3 |  4- 6 || total
-------------------------+-------+-------++-------
Melee: Unarmed           |   127 |    91 ||   218
       Bite              |     8 |    11 ||    19
       Punch             |     2 |     3 ||     5
Evoke: Wand              |       |     1 ||     1
  Use: Scroll            |       |     5 ||     5
 Stab: Sleeping          |    12 |     4 ||    16
       Distracted        |     2 |       ||     2
  Eat: Chunk             |     9 |     8 ||    17
Armor: Skin              |     3 |     1 ||     4
Dodge: Dodged            |    91 |    69 ||   160
